 Dungeon Crawl Stone Soup version 0.22-a0-538-g76cc104 (webtiles) character file.

15 iamserjio the Charmwright (level 2, 0/15 HPs)
             Began as a Vine Stalker Skald on June 23, 2018.
             Slain by an adder (2 damage)
             ... on level 2 of the Dungeon.
             The game lasted 00:01:49 (169 turns).

iamserjio the Charmwright (Vine Stalker Skald)       Turns: 169, Time: 00:01:50

Health: 0/15       AC:  3    Str: 13    XL:     2   Next: 50%
Magic:  0/6        EV: 11    Int: 13    God:
Gold:   9          SH:  0    Dex: 13    Spells: 4/5 levels left

rFire    . . .     SeeInvis .   a - +0 spear
rCold    . . .     Gourm    .   (no shield)
rNeg     . . .     Faith    .   b - +0 leather armour
rPois    .         Spirit   +   (no helmet)
rElec    .         Reflect  .   (no cloak)
rCorr    .         Harm     .   (no gloves)
MR       .....                  (no boots)
Stlth    +.........             (no amulet)
HPRegen  0.05/turn              (no ring)
MPRegen  0.10/turn              (no ring)

@: infused
A: fangs 2, magic shield, antimagic bite, no potion heal 3, rot immunity
a: no special abilities


You were on level 2 of the Dungeon.
You were not hungry.

You visited 1 branch of the dungeon, and saw 2 of its levels.

You collected 9 gold pieces.

Inventory:

Hand Weapons
 a - a +0 spear (weapon)
Armour
 b - a +0 leather armour (worn)
 c - a +0 buckler
Scrolls
 e - a scroll of remove curse {unknown}
 g - a scroll of magic mapping {unknown}
 h - a scroll of random uselessness {unknown}
Potions
 f - a potion of brilliance {unknown}
Comestibles
 d - 2 rations


   Skills:
 - Level 2.0 Fighting
 * Level 2.5 Polearms
 - Level 0.8 Armour
 - Level 1.5 Dodging
 - Level 2.2 Spellcasting
 - Level 3.0 Charms


You had 4 spell levels left.
You knew the following spells:

 Your Spells              Type           Power        Failure   Level  Hunger
a - Infusion              Chrm           #...         10%         1    ##.....

Your spell library contained the following spells:

 Spells                   Type           Power        Failure   Level  Hunger
 Regeneration             Chrm/Necr      #.........   45%         3    ####...
 Shroud of Golubria       Chrm/Tloc      #.........   26%         2    ###....
 Song of Slaying          Chrm           #.......     14%         2    ###....
 Spectral Weapon          Hex/Chrm       #.......     45%         3    ####...


Dungeon Overview and Level Annotations

Branches:
Dungeon (2/15)

Altars:


Innate Abilities, Weirdness & Mutations

You have extremely sharp teeth.
When hurt, damage is shared between your health and your magic reserves.
Your bite disrupts and absorbs the magic of your enemies.
Potions cannot restore your health.
You are immune to rotting.


Message History

You see here a worm corpse.
Your magical infusion is running out.
h - a scroll labeled TOANTYANTOI You are no longer magically infusing your attacks.
An adder comes into view.
The adder hisses angrily.
The adder moves out of view.
You see here 3 gold pieces.
Casting: Infusion (safe; 10% risk of failure)
Confirm with . or Enter, or press ? or * to list all spells.
You begin infusing your attacks with magical energy.
You miss the adder. The adder barely misses you. The adder bites you.
You barely miss the adder. Your bite misses the adder.
The adder barely misses you.
You barely miss the adder. Your bite misses the adder.
The adder barely misses you.
You miss the adder. Your bite misses the adder. The adder bites you.
* * * LOW HITPOINT WARNING * * *
You miss the adder. The adder bites you.
You die...

# #. # .###. #
.#.# #.#..###.#
#..S.....# #@#
#.# #####.##
####.##...#
##.........###
+...........(##
##.#..........#
# ####'†####.#
#≈≈≈..≈≈≈#.#


You could see an adder.

Vanquished Creatures
  A worm (D:2)
  2 bats (D:2)
  A giant cockroach (D:1)
  2 goblins (D:1)
  A hobgoblin (D:1)
  2 jackals (D:1)
  2 rats (D:1)
11 creatures vanquished.

Notes
Turn   | Place    | Note
-------+----------+-------------------------------------------
     0 | D:1      | iamserjio the Vine Stalker Skald began the quest for the Orb.
     0 | D:1      | Reached XP level 1. HP: 11/11 MP: 4/4
    84 | D:1      | Reached XP level 2. HP: 4/15 MP: 1/6
   169 | D:2      | Slain by an adder

Vault maps used:
D:1:      dpeg_arrival_shrine
D:2:      grunt_temple_overflow_open, gammafunk_temple_overflow_pools, tgw_trog,
          first_ration, kennysheep_generic_room_6

Skill      XL: |  1 |
---------------+----+-----
Polearms       | 2 |  2.5
Fighting       | 2 |  2.0
Armour         | |  0.8
Dodging        | |  1.5
Spellcasting   | |  2.2
Charms         | |  3.0

Action                   || total
-------------------------++-------
Melee: Spear             ||    44
       Bite              ||     5
 Cast: Infusion          ||     5
Armor: Leather armour    ||     7
Dodge: Dodged            ||    27

Table legend:
 A = Spawn XP
 B = Non-spawn XP
 C = Spawn XP percentage of total XP
 D = Spawn monster count
 E = Non-spawn monster count
 F = Spawn count percentage of total count
 G = Total turns spent on level
                    A         B        C        D         E        F      G
               +---------+---------+-------+---------+---------+-------+---------
         Total |       0 |      22 |   0.0 |       0 |      11 |   0.0 |   169
               +---------+---------+-------+---------+---------+-------+---------
           D:1 |       0 |      13 |   0.0 |       0 |       8 |   0.0 |   122
           D:2 |       0 |       9 |   0.0 |       0 |       3 |   0.0 |    47
               +---------+---------+-------+---------+---------+-------+---------
